Workbook

Sheet Summary
A1: Basis of Compensation
A2: Payment
A3: Project payment to the ENGINEER by the OWNER will be monthly based on a percent complete of the Basic Services milestone fee plus reimbursable expenses, as approved by the OWNER. Additional Services & Optional Services are available at the OWNER’s request.
A5: BASIC SERVICES
A6: ='Labor '!A9 -> Task 00100 - Base File and Preliminary Sketches | E6: ='Labor '!O14 -> 5427.24
A7: ='Labor '!A15 -> Task 00200 - Meetings to Discuss Draft (Hourly) | E7: ='Labor '!O24 -> 1408.44
A8: ='Labor '!A25 -> Task 00300 - Final Concept Layout | E8: ='Labor '!O33 -> 7869.76
A9: ='Labor '!A34 -> Task 00400 - Additional Services | E9: ='Labor '!O40 -> 0
A10: ='Labor '!A50 -> Task 5 | E10: ='Labor '!O60 -> 0
B12: Subtotal | E12: =SUM(E6:E11) -> 14705.44
A14: ADDITIONAL SERVICES
A15: ='Labor '!A69 -> Task 1 | E15: ='Labor '!O73 -> 0
A16: ='Labor '!A74 -> Task 2 | E16: ='Labor '!O78 -> 0
A17: ='Labor '!A79 -> Task 3 | E17: ='Labor '!O89 -> 0
A18: ='Labor '!A90 -> Task 4 | E18: ='Labor '!O93 -> 0
A19: ='Labor '!A94 -> Task 5 | E19: ='Labor '!O97 -> 0
B20: Subtotal | E20: =SUM(E15:E19) -> 0
A22: OPTIONAL SERVICES
A23: Optional Services | E23: ='Labor '!O101 -> 0
B25: Subtotal | E25: =SUM(E22:E23) -> 0
A27: ESTIMATED REIMBURSABLES
A28: Item | B28: Quantity | C28: Unit | D28: Unit Cost | E28: Total Cost
A29: ='Direct Expenses'!A7 -> Courier | B29: ='Direct Expenses'!B7 -> 0 | C29: ='Direct Expenses'!C7 -> "By Receipt" | D29: ='Direct Expenses'!D7 -> 0 | E29: ='Direct Expenses'!E7 -> 0
A30: ='Direct Expenses'!A8 -> B&W Repro 8.5x11 | B30: ='Direct Expenses'!B8 -> 0 | C30: ='Direct Expenses'!C8 -> sht | D30: ='Direct Expenses'!D8 -> 0.08 | E30: ='Direct Expenses'!E8 -> 0
A31: ='Direct Expenses'!A9 -> B&W Repro 11x17 | B31: ='Direct Expenses'!B9 -> 0 | C31: ='Direct Expenses'!C9 -> sht | D31: ='Direct Expenses'!D9 -> 0.08 | E31: ='Direct Expenses'!E9 -> 0
A32: ='Direct Expenses'!A10 -> B&W Large Document | B32: ='Direct Expenses'!B10 -> 0 | C32: ='Direct Expenses'!C10 -> sq. ft. | D32: ='Direct Expenses'!D10 -> 0.3 | E32: ='Direct Expenses'!E10 -> 0
A33: ='Direct Expenses'!A11 -> Color Repro 8.5x11 | B33: ='Direct Expenses'!B11 -> 0 | C33: ='Direct Expenses'!C11 -> sht | D33: ='Direct Expenses'!D11 -> 1.5 | E33: ='Direct Expenses'!E11 -> 0
A34: ='Direct Expenses'!A12 -> Color Repro 11x17 | B34: ='Direct Expenses'!B12 -> 0 | C34: ='Direct Expenses'!C12 -> sht | D34: ='Direct Expenses'!D12 -> 1.5 | E34: ='Direct Expenses'!E12 -> 0
A35: ='Direct Expenses'!A13 -> Color Large Document | B35: ='Direct Expenses'!B13 -> 0 | C35: ='Direct Expenses'!C13 -> sq. ft. | D35: ='Direct Expenses'!D13 -> 4 | E35: ='Direct Expenses'!E13 -> 0
A36: ='Direct Expenses'!A14 -> Foam Core Boards | B36: ='Direct Expenses'!B14 -> 0 | C36: ='Direct Expenses'!C14 -> sq. ft. | D36: ='Direct Expenses'!D14 -> 3.35 | E36: ='Direct Expenses'!E14 -> 0
A37: ='Direct Expenses'!A15 -> Gator Core Boards | B37: ='Direct Expenses'!B15 -> 0 | C37: ='Direct Expenses'!C15 -> sq. ft. | D37: ='Direct Expenses'!D15 -> 3.8 | E37: ='Direct Expenses'!E15 -> 0
A38: ='Direct Expenses'!A16 -> GBC Binding | B38: ='Direct Expenses'!B16 -> 0 | C38: ='Direct Expenses'!C16 -> ea | D38: ='Direct Expenses'!D16 -> 2.5 | E38: ='Direct Expenses'!E16 -> 0
A39: ='Direct Expenses'!A17 -> Mileage | B39: ='Direct Expenses'!B17 -> 0 | C39: ='Direct Expenses'!C17 -> mi | D39: ='Direct Expenses'!D17 -> 0.575 | E39: ='Direct Expenses'!E17 -> 0
A40: ='Direct Expenses'!A18 -> Utility Test Pits (up to eight) - Accumark | B40: ='Direct Expenses'!B18 -> 0 | C40: ='Direct Expenses'!C18 -> ls | D40: ='Direct Expenses'!E18 -> 0 | E40: ='Direct Expenses'!E18 -> 0
D42: Subtotal | E42: =SUM(E29:E41) -> 0
D44: Total Estimated Fee | E44: =E12+E20+E25+E42 -> 14705.44

Sheet Labor 
A1: City of Virginia Beach - Development Authority
A2: Annual Services Contract for General Civil Engineering
A3: VHB, Inc. - Work Order Budget Form | C3: VHB - Staff Category
A4: PWO #8 - VBDA IP - Concept Plan for a 20KSF facility | C4: Managing | D4: Tech Specialist | E4: Project | F4: Engineer | G4: Junior Engineer | H4: Sr.Technician | I4: Technician | J4: LA | K4: Admin. | L4: Contract | M4: Subconsultant
C5: Engineer | D5: QA/QC | E5: Manager | F5: Planner | G5: Planner | H5: Graphics | I5: Graphics | K5: Assistant | L5: Admin.
A6: Rate | C6: 243.64 | D6: 226.61 | E6: 208.16 | F6: 143.95 | G6: 114.57 | H6: 113.46 | I6: 93.92 | J6: 134.36 | K6: 61.23 | L6: 93.15
N7: Total | O7: Total
A8: Tasks | B8: Duration | C8: Hours | D8: Hours | E8: Hours | F8: Hours | G8: Hours | H8: Hours | I8: Hours | J8: Hours | K8: Hours | L8: Hours | N8: Hours | O8: FEE
A9: Task 00100 - Base File and Preliminary Sketches
E10: 4 | F10: 16 | G10: 20 | M10: 0 | N10: =SUM(C10:L10) -> 40 | O10: =SUMPRODUCT(C10:L10,$C$6:$L$6)+M10 -> 5427.24 | P10: =O10 -> 5427.24
M11: 0 | N11: =SUM(C11:L11) -> 0 | O11: =SUMPRODUCT(C11:L11,$C$6:$L$6)+M11 -> 0 | P11: =O11 -> 0
M12: 0 | N12: =SUM(C12:L12) -> 0 | O12: =SUMPRODUCT(C12:L12,$C$6:$L$6)+M12 -> 0 | P12: =O12 -> 0
M13: 0 | N13: =SUM(C13:L13) -> 0 | O13: =SUMPRODUCT(C13:L13,$C$6:$L$6)+M13 -> 0 | P13: =O13 -> 0
M14: Subtotal | N14: =SUM(N10:N13) -> 40 | O14: =SUM(O10:O13) -> 5427.24
A15: Task 00200 - Meetings to Discuss Draft (Hourly)
E16: 4 | F16: 4 | M16: 0 | N16: =SUM(C16:L16) -> 8 | O16: =SUMPRODUCT(C16:L16,$C$6:$L$6)+M16 -> 1408.44
M17: 0 | N17: =SUM(C17:L17) -> 0 | O17: =SUMPRODUCT(C17:L17,$C$6:$L$6)+M17 -> 0
M18: 0 | N18: =SUM(C18:L18) -> 0 | O18: =SUMPRODUCT(C18:L18,$C$6:$L$6)+M18 -> 0 | P18: =O18 -> 0
M19: 0 | N19: =SUM(C19:L19) -> 0 | O19: =SUMPRODUCT(C19:L19,$C$6:$L$6)+M19 -> 0 | P19: =O19 -> 0
M20: 0 | N20: =SUM(C20:L20) -> 0 | O20: =SUMPRODUCT(C20:L20,$C$6:$L$6)+M20 -> 0
M21: 0 | N21: =SUM(C21:L21) -> 0 | O21: =SUMPRODUCT(C21:L21,$C$6:$L$6)+M21 -> 0
M22: 0 | N22: =SUM(C22:L22) -> 0 | O22: =SUMPRODUCT(C22:L22,$C$6:$L$6)+M22 -> 0
M23: 0 | N23: =SUM(C23:L23) -> 0 | O23: =SUMPRODUCT(C23:L23,$C$6:$L$6)+M23 -> 0 | P23: =O44 -> 0
M24: Subtotal | N24: =SUM(N18:N21) -> 0 | O24: =SUM(O16:O23) -> 1408.44
A25: Task 00300 - Final Concept Layout
E26: 8 | F26: 24 | G26: 24 | M26: 0 | N26: =SUM(C26:L26) -> 56 | O26: =SUMPRODUCT(C26:L26,$C$6:$L$6)+M26 -> 7869.76
M27: 0 | N27: =SUM(C27:L27) -> 0 | O27: =SUMPRODUCT(C27:L27,$C$6:$L$6)+M27 -> 0
M28: 0 | N28: =SUM(C28:L28) -> 0 | O28: =SUMPRODUCT(C28:L28,$C$6:$L$6)+M28 -> 0
M29: 0 | N29: =SUM(C29:L29) -> 0 | O29: =SUMPRODUCT(C29:L29,$C$6:$L$6)+M29 -> 0 | P29: =SUM(P10:P27) -> 5427.24
M30: 0 | N30: =SUM(C30:L30) -> 0 | O30: =SUMPRODUCT(C30:L30,$C$6:$L$6)+M30 -> 0
M31: 0 | N31: =SUM(C31:L31) -> 0 | O31: =SUMPRODUCT(C31:L31,$C$6:$L$6)+M31 -> 0
M32: 0 | N32: =SUM(C32:L32) -> 0 | O32: =SUMPRODUCT(C32:L32,$C$6:$L$6)+M32 -> 0
M33: Subtotal | N33: =SUM(N26:N32) -> 56 | O33: =SUM(O26:O32) -> 7869.76
A34: Task 00400 - Additional Services
M35: 0 | N35: =SUM(C35:L35) -> 0 | O35: =SUMPRODUCT(C35:L35,$C$6:$L$6)+M35 -> 0
M36: 0 | N36: =SUM(C36:L36) -> 0 | O36: =SUMPRODUCT(C36:L36,$C$6:$L$6)+M36 -> 0 | P36: =SUM(C62:L62) -> 104
M37: 0 | N37: =SUM(C37:L37) -> 0 | O37: =SUMPRODUCT(C37:L37,$C$6:$L$6)+M37 -> 0
M38: 0 | N38: =SUM(C38:L38) -> 0 | O38: =SUMPRODUCT(C38:L38,$C$6:$L$6)+M38 -> 0
M39: 0 | N39: =SUM(C39:L39) -> 0 | O39: =SUMPRODUCT(C39:L39,$C$6:$L$6)+M39 -> 0
M40: Subtotal | N40: =SUM(N35:N39) -> 0 | O40: =SUM(O35:O39) -> 0
A41: Task 4
M42: 0 | N42: =SUM(C42:L42) -> 0 | O42: =SUMPRODUCT(C42:L42,$C$6:$L$6)+M42 -> 0
M43: 0 | N43: =SUM(C43:L43) -> 0 | O43: =SUMPRODUCT(C43:L43,$C$6:$L$6)+M43 -> 0
M44: 0 | N44: =SUM(C44:L44) -> 0 | O44: =SUMPRODUCT(C44:L44,$C$6:$L$6)+M44 -> 0 | P44: =SUM(C63:L63)+SUM(M9:M49) -> 14705.44
M45: 0 | N45: =SUM(C45:L45) -> 0 | O45: =SUMPRODUCT(C45:L45,$C$6:$L$6)+M45 -> 0
M46: 0 | N46: =SUM(C46:L46) -> 0 | O46: =SUMPRODUCT(C46:L46,$C$6:$L$6)+M46 -> 0
M47: 0 | N47: =SUM(C47:L47) -> 0 | O47: =SUMPRODUCT(C47:L47,$C$6:$L$6)+M47 -> 0
M48: 0 | N48: =SUM(C48:L48) -> 0 | O48: =SUMPRODUCT(C48:L48,$C$6:$L$6)+M48 -> 0
M49: Subtotal | N49: =SUM(N42:N48) -> 0 | O49: =SUM(O42:O48) -> 0
A50: Task 5
M51: 0 | N51: =SUM(C51:L51) -> 0 | O51: =SUMPRODUCT(C51:L51,$C$6:$L$6)+M51 -> 0
M52: 0 | N52: =SUM(C52:L52) -> 0 | O52: =SUMPRODUCT(C52:L52,$C$6:$L$6)+M52 -> 0
M53: 0 | N53: =SUM(C53:L53) -> 0 | O53: =SUMPRODUCT(C53:L53,$C$6:$L$6)+M53 -> 0
M54: 0 | N54: =SUM(C54:L54) -> 0 | O54: =SUMPRODUCT(C54:L54,$C$6:$L$6)+M54 -> 0
M55: 0 | N55: =SUM(C55:L55) -> 0 | O55: =SUMPRODUCT(C55:L55,$C$6:$L$6)+M55 -> 0
M56: 0 | N56: =SUM(C56:L56) -> 0 | O56: =SUMPRODUCT(C56:L56,$C$6:$L$6)+M56 -> 0
M57: 0 | N57: =SUM(C57:L57) -> 0 | O57: =SUMPRODUCT(C57:L57,$C$6:$L$6)+M57 -> 0
M58: 0 | N58: =SUM(C58:L58) -> 0 | O58: =SUMPRODUCT(C58:L58,$C$6:$L$6)+M58 -> 0
M59: 0 | N59: =SUM(C59:L59) -> 0 | O59: =SUMPRODUCT(C59:L59,$C$6:$L$6)+M59 -> 0
M60: Subtotal | N60: =SUM(N51:N59) -> 0 | O60: =SUM(O51:O59) -> 0
A62: Total Hours | C62: =SUM(C9:C61) -> 0 | D62: =SUM(D9:D61) -> 0 | E62: =SUM(E9:E61) -> 16 | F62: =SUM(F9:F61) -> 44 | G62: =SUM(G9:G61) -> 44 | H62: =SUM(H9:H61) -> 0 | I62: =SUM(I9:I61) -> 0 | J62: =SUM(J9:J61) -> 0 | ... L62: =SUM(L9:L61) -> 0 | N62: =N14+N24+N49+N33 -> 96
A63: Subtotal - Hours X Rate | C63: =PRODUCT(C6,C62) -> 0 | D63: =PRODUCT(D6,D62) -> 0 | E63: =PRODUCT(E6,E62) -> 3330.56 | F63: =PRODUCT(F6,F62) -> 6333.8 | G63: =PRODUCT(G6,G62) -> 5041.08 | H63: =PRODUCT(H6,H62) -> 0 | I63: =PRODUCT(I6,I62) -> 0 | J63: =PRODUCT(J6,J62) -> 0 | ... L63: =PRODUCT(L6,L62) -> 0 | O63: =SUM(O9:O60)/2 -> 14705.44
N65: Total Fee | O65: =O63 -> 14705.44
A67: Additional Design Services
A69: Task 1
M70: 0 | N70: =SUM(B70:M70) -> 0 | O70: =SUMPRODUCT(C70:L70,$C$6:$L$6)+M70 -> 0
M71: 0 | N71: =SUM(B71:M71) -> 0 | O71: =SUMPRODUCT(C71:L71,$C$6:$L$6)+M71 -> 0
M72: 0 | N72: =SUM(B72:M72) -> 0 | O72: =SUMPRODUCT(C72:L72,$C$6:$L$6)+M72 -> 0
M73: Subtotal | N73: =SUM(N70:N72) -> 0 | O73: =SUM(O70:O72) -> 0
A74: Task 2
N75: =SUM(B75:L75) -> 0 | O75: =SUMPRODUCT(C75:L75,$C$6:$L$6)+M75 -> 0
N76: =SUM(B76:L76) -> 0 | O76: =SUMPRODUCT(C76:L76,$C$6:$L$6)+M76 -> 0
N77: =SUM(B77:L77) -> 0 | O77: =SUMPRODUCT(C77:L77,$C$6:$L$6)+M77 -> 0
M78: Subtotal | N78: =SUM(N75:N77) -> 0 | O78: =SUM(O75:O77) -> 0
A79: Task 3
M80: 0 | N80: =SUM(B80:L80) -> 0 | O80: =SUMPRODUCT(C80:L80,$C$6:$L$6)+M80 -> 0
M81: 0 | N81: =SUM(B81:L81) -> 0 | O81: =SUMPRODUCT(C81:L81,$C$6:$L$6)+M81 -> 0
M82: 0 | N82: =SUM(B82:L82) -> 0 | O82: =SUMPRODUCT(C82:L82,$C$6:$L$6)+M82 -> 0
M83: 0 | N83: =SUM(B83:L83) -> 0 | O83: =SUMPRODUCT(C83:L83,$C$6:$L$6)+M83 -> 0
M84: 0 | N84: =SUM(B84:L84) -> 0 | O84: =SUMPRODUCT(C84:L84,$C$6:$L$6)+M84 -> 0
M85: 0 | N85: =SUM(B85:L85) -> 0 | O85: =SUMPRODUCT(C85:L85,$C$6:$L$6)+M85 -> 0
N86: =SUM(B86:L86) -> 0 | O86: =SUMPRODUCT(C86:L86,$C$6:$L$6)+M86 -> 0
M87: 0 | N87: =SUM(B87:L87) -> 0 | O87: =SUMPRODUCT(C87:L87,$C$6:$L$6)+M87 -> 0
M88: 0 | N88: =SUM(B88:L88) -> 0 | O88: =SUMPRODUCT(C88:L88,$C$6:$L$6)+M88 -> 0
M89: Subtotal | N89: =SUM(N80:N88) -> 0 | O89: =SUM(O80:O88) -> 0
A90: Task 4
M91: 0 | N91: =SUM(B91:M91) -> 0 | O91: =SUMPRODUCT(C91:L91,$C$6:$L$6)+M91 -> 0
M92: 0 | N92: =SUM(B92:L92) -> 0 | O92: =SUMPRODUCT(C92:L92,$C$6:$L$6)+M92 -> 0
M93: Subtotal | N93: =SUM(N92:N92) -> 0 | O93: =SUM(O91:O92) -> 0
A94: Task 5
M95: 0 | N95: =SUM(B95:M95) -> 0 | O95: =SUMPRODUCT(C95:L95,$C$6:$L$6)+M95 -> 0
M96: 0 | N96: =SUM(B96:L96) -> 0 | O96: =SUMPRODUCT(C96:L96,$C$6:$L$6)+M96 -> 0
M97: Subtotal | N97: =SUM(N96:N96) -> 0 | O97: =SUM(O95:O96) -> 0
A98: Total hours | C98: =SUM(C69:C97) -> 0 | D98: =SUM(D69:D97) -> 0 | E98: =SUM(E69:E97) -> 0 | F98: =SUM(F69:F97) -> 0 | G98: =SUM(G69:G97) -> 0 | H98: =SUM(H69:H97) -> 0 | I98: =SUM(I69:I97) -> 0 | J98: =SUM(J69:J97) -> 0 | ... L98: =SUM(L69:L97) -> 0 | N98: =SUM(N69:N78)/2 -> 0
A99: Subtotal - Hours X Rate | C99: =PRODUCT(C98,C6) -> 0 | D99: =PRODUCT(D98,D6) -> 0 | E99: =PRODUCT(E98,E6) -> 0 | F99: =PRODUCT(F98,F6) -> 0 | G99: =PRODUCT(G98,G6) -> 0 | H99: =PRODUCT(H98,H6) -> 0 | I99: =PRODUCT(I98,I6) -> 0 | J99: =PRODUCT(J98,J6) -> 0 | ... L99: =PRODUCT(L98,L6) -> 0 | O99: =O73+O78+O89+O93+O97 -> 0
A101: Optional Services | O101: 0
M103: Total Additional and Optional Services Fee | O103: =O101+O99 -> 0
A105: TOTAL | N105: Total Fee | O105: =(O103+O65) -> 14705.44
N107: Reimbursables | O107: ='Direct Expenses'!E20 -> 0
N109: Total Project Civil | O109: =O107+O105 -> 14705.44

Sheet Direct Expenses
A1: City of Virginia Beach Department of Public Works
A2: Annual Services Contract for Traffic Engineering
A3: VHB, Inc. Direct Expenses Budget Form
A4: ='Labor '!A4 -> PWO #8 - VBDA IP - Concept Plan for a 20KSF facility
A6: Item | B6: Quantity | C6: Unit | D6: Unit Cost | E6: Total Cost
A7: Courier | C7: "By Receipt" | E7: =(B7*D7) -> 0
A8: B&W Repro 8.5x11 | B8: =Q34 -> 0 | C8: sht | D8: 0.08 | E8: =(B8*D8) -> 0
A9: B&W Repro 11x17 | B9: =L34 -> 0 | C9: sht | D9: 0.08 | E9: =(B9*D9) -> 0
A10: B&W Large Document | B10: =G34 -> 0 | C10: sq. ft. | D10: 0.3 | E10: =(B10*D10) -> 0
A11: Color Repro 8.5x11 | B11: =V34 -> 0 | C11: sht | D11: 1.5 | E11: =(B11*D11) -> 0
A12: Color Repro 11x17 | B12: 0 | C12: sht | D12: 1.5 | E12: =(B12*D12) -> 0
A13: Color Large Document | B13: 0 | C13: sq. ft. | D13: 4 | E13: =(B13*D13) -> 0
A14: Foam Core Boards | B14: 0 | C14: sq. ft. | D14: 3.35 | E14: =(B14*D14) -> 0
A15: Gator Core Boards | B15: 0 | C15: sq. ft. | D15: 3.8 | E15: =(B15*D15) -> 0
A16: GBC Binding | B16: 0 | C16: ea | D16: 2.5 | E16: =(B16*D16) -> 0
A17: Mileage | B17: 0 | C17: mi | D17: 0.575 | E17: =(B17*D17) -> 0
A18: Utility Test Pits (up to eight) - Accumark | B18: 0 | C18: ls | D18: 9500 | E18: =(B18*D18) -> 0
A20: Total | E20: =SUM(E7:E18) -> 0
A23: Mileage | B23: 14 miles per roundtrip
A26: Sheet Count | D26: Full Sets | E26: Sheets/Set | F26: Sq ft/ Sheet | G26: Sq ft | H26: $/SQ Ft | I26: $ | J26: Half Sets | K26: Sheets/Set | L26: Sheets | M26: $/Sheet | N26: $ | O26: 8.5"x11" | P26: Sheets/Set | Q26: Sheets | R26: $/Book | S26: $ | T26: 8.5"x11" Color | U26: Sheets/Set | V26: Sheets | W26: $/Book | X26: $
A27: ='Labor '!A9 -> Task 00100 - Base File and Preliminary Sketches | D27: 0 | E27: 0 | F27: 6 | G27: =D27*E27*F27 -> 0 | H27: 0.3 | I27: =G27*H27 -> 0 | J27: 0 | K27: 0 | L27: =J27*K27 -> 0 | M27: 0.08 | N27: =L27*M27 -> 0 | O27: 0 | P27: 0 | Q27: =O27*P27 -> 0 | R27: 0.08 | S27: =Q27*R27 -> 0 | T27: 0 | U27: 0 | V27: =T27*U27 -> 0 | W27: 1.5 | X27: =V27*W27 -> 0
A28: ='Labor '!A25 -> Task 00300 - Final Concept Layout | D28: 0 | E28: 0 | F28: 6 | G28: =D28*E28*F28 -> 0 | H28: 0.3 | I28: =G28*H28 -> 0 | J28: 0 | K28: =E28 -> 0 | L28: =J28*K28 -> 0 | M28: 0.08 | N28: =L28*M28 -> 0 | O28: 3 | P28: 0 | Q28: =O28*P28 -> 0 | R28: 0.08 | S28: =Q28*R28 -> 0 | T28: 0 | U28: 0 | V28: =T28*U28 -> 0 | W28: 1.5 | X28: =V28*W28 -> 0
A29: ='Labor '!A34 -> Task 00400 - Additional Services | D29: 0 | E29: 0 | F29: 6 | J29: 0 | K29: 0 | L29: =J29*K29 -> 0 | M29: 0.08 | N29: =L29*M29 -> 0 | O29: 0 | P29: 0 | Q29: =O29*P29 -> 0 | R29: 0.08
A30: ='Labor '!A41 -> Task 4 | D30: 0 | E30: 0 | F30: 6 | G30: =D30*E30*F30 -> 0 | H30: =D10 -> 0.3 | I30: =G30*H30 -> 0 | J30: 0 | K30: =E30 -> 0 | L30: =J30*K30 -> 0 | M30: 0.08 | N30: =L30*M30 -> 0 | O30: 0 | P30: 0 | Q30: =O30*P30 -> 0 | R30: =D9 -> 0.08 | S30: =Q30*R30 -> 0 | T30: 0 | U30: 0 | V30: =T30*U30 -> 0 | W30: 1.5 | X30: =V30*W30 -> 0
A31: As-built plans | D31: 0 | E31: 0 | F31: 6 | G31: =D31*E31*F31 -> 0 | H31: =D10 -> 0.3 | I31: =G31*H31 -> 0 | J31: 0 | K31: 0 | O31: 0 | P31: 0 | Q31: =O31*P31 -> 0
A32: Public Engagement (Brochure) | D32: 0 | E32: 0 | F32: 6 | G32: =D32*E32*F32 -> 0 | H32: =D10 -> 0.3 | I32: =G32*H32 -> 0 | J32: 0 | K32: 0 | L32: =J32*K32 -> 0 | M32: 0.08 | N32: =L32*M32 -> 0 | O32: 0 | P32: 0 | Q32: =O32*P32 -> 0 | R32: =D9 -> 0.08 | S32: =Q32*R32 -> 0 | T32: 0 | U32: 0 | V32: =T32*U32 -> 0 | W32: 1.5 | X32: =V32*W32 -> 0
A33: Public Engagement (Public Comment Form) | D33: 0 | E33: 0 | F33: 6 | G33: =D33*E33*F33 -> 0 | H33: =D10 -> 0.3 | I33: =G33*H33 -> 0 | J33: 0 | K33: =E33 -> 0 | L33: =J33*K33 -> 0 | M33: 0.08 | N33: =L33*M33 -> 0 | O33: 0 | P33: 0 | Q33: =O33*P33 -> 0 | R33: 0.08 | S33: =Q33*R33 -> 0 | T33: 0 | U33: 0 | V33: =T33*U33 -> 0 | W33: 1.5 | X33: =V33*W33 -> 0
G34: =SUM(G27:G33) -> 0 | I34: =SUM(I27:I33) -> 0 | L34: =SUM(L27:L33) -> 0 | N34: =SUM(N27:N33) -> 0 | Q34: =SUM(Q27:Q33) -> 0 | R34: . | S34: =SUM(S27:S33) -> 0 | V34: =SUM(V27:V33) -> 0 | W34: . | X34: =SUM(X27:X33) -> 0
A36: For Bid Document - 18 sets if bid, 4 sets if ASC
